 Dungeon Sprint DCSS version 0.27.0-1-g7a089689b8 (webtiles) character file.

Game seed: 8747392995236540962

494 styxcanada the Unseen (level 6, -6/33 HPs)
             Began as a Spriggan Brigand on Aug 17, 2021.
             Was an Initiate of Gozag.
             Killed from afar by a burning bush (7 damage)
             ... with a puff of flame
             ... in the Dungeon (Sprint IV: "Fedhas' Mad Dash").
             The game lasted 00:03:30 (360 turns).

styxcanada the Unseen (Spriggan Brigand)             Turns: 360, Time: 00:03:31

Health: -6/33      AC:  3    Str: 12    XL:     6   Next: 92%
Magic:  5/7        EV: 24    Int:  8    God:    Gozag
Gold:   154        SH:  0    Dex: 25    Spells: 5/5 levels left

rFire    . . .     SeeInvis +   n - +12 dagger of Cuvax {vamp, Will+ Str+5 Int-4 Dex+6}
rCold    . . .     Faith    .   (shield restricted)
rNeg     . . .     Spirit   .   b - +0 robe
rPois    .         Reflect  .   (helmet restricted)
rElec    .         Harm     .   c - +0 cloak
rCorr    .         Rampage  .   (gloves unavailable)
Will     ++...     NoTele   +   (boots unavailable)
Stlth    +++++++...             l - amulet of invisibility {+Inv}
HPRegen  0.11/turn              (no ring)
MPRegen  0.10/turn              (no ring)

@: gold aura, very slightly contaminated, invisible, very quick
A: very small, no large weapons, unfitting armour, see invisible, speed 3
a: Renounce Religion, Evoke Invisibility, Potion Petition, Call Merchant, Bribe
Branch


You were in the Dungeon.
You worshipped Gozag.
Gozag was aware of your devotion.
You visited 1 branch You collected 350 gold pieces.
You spent 196 gold pieces at shops.

Inventory:

Hand Weapons
 a - a +2 dagger
 n - the +12 dagger of Cuvax (weapon) {vamp, Will+ Str+5 Int-4 Dex+6}
   (You bought it in a shop in the Dungeon)

   It occasionally heals its wielder for a portion of the damage dealt when it
   wounds a living foe.
   Str:       It affects your strength (+5).
   Int:       It affects your intelligence (-4).
   Dex:       It affects your dexterity (+6).
   Will:      It increases your willpower.
Missiles
 d - 7 poisoned darts (quivered)
 e - 2 curare-tipped darts
Armour
 b - a +0 robe (worn)
 c - a +0 cloak (worn)
Jewellery
 l - the amulet of invisibility (around neck) {+Inv}
   (You found it in the Dungeon)

   [amulet of nothing]

   +Inv:      It lets you turn invisible.
Scrolls
 k - a scroll of blinking
Potions
 f - a potion of curing
 g - a potion of heal wounds
 h - a potion of haste
 i - 2 potions of magic
 j - a potion of berserk rage
 m - a potion of resistance {unknown}


   Skills:
 * Level 4.2 Fighting
 + Level 3.8 Short Blades
 + Level 4.4 Throwing
 * Level 7.0 Dodging
 * Level 17.0 Stealth
 * Level 5.0 Evocations


You had 5 spell levels left.
You didn't know any spells.
Your spell library was empty.

Dungeon Overview and Level Annotations

Branches:
Dungeon (1/1)

Altars:
Cheibriados
Dithmenos
Elyvilon
Gozag
Hepliaklqana
Kikubaaqudgha
Makhleb
Nemelex Xobeh
Okawaru
Qazlal
Ru
Sif Muna
Trog
Uskayaw
Vehumet
Wu Jian
Xom
Yredelemnul
Zin
The Shining One
Beogh
Jiyva
Lugonu

Shops:
D (*


Innate Abilities, Weirdness & Mutations

You are very small and have problems with some larger weapons.
You are too small for most types of armour.
You have supernaturally acute eyesight. (SInv)
You cover ground extremely quickly. (Speed+++)


Message History

Unknown command.
There is an open door here.
You fail to use your ability.
You fail to use your ability.
Your magical contamination has completely faded away.
You fail to use your ability.
You fail to use your ability.
You fade into invisibility!
You are very lightly contaminated with residual magic.
A scorpion and a wandering mushroom come into view.
There is an open door here.
The wandering mushroom closely misses you.
You hit the wandering mushroom.
The wandering mushroom is lightly damaged.
You hit the wandering mushroom.
The wandering mushroom is lightly damaged.
You hit the wandering mushroom but do no damage.
The wandering mushroom is lightly damaged.
The wandering mushroom misses you.
You catch the helpless wandering mushroom completely off-guard!
You skewer the wandering mushroom like a kebab!!!
You destroy the wandering mushroom!
The burning bush throws fire at you. The puff of flame hits you!!
Ouch! That really hurt!
Your Fighting skill increases to level 4!
Your Dodging skill gained 2 levels and is now at level 7!
Your Stealth skill gained 2 levels and is now at level 17!
Your Evocations skill gained 2 levels and is now at level 5!
The burning bush throws fire at you. The puff of flame hits you!
* * * LOW HITPOINT WARNING * * *
You see here 94 gold pieces.
You hit the burning bush.
The burning bush is lightly damaged.
Unknown command.
The burning bush throws fire at you. The puff of flame hits you!
You die...
Your body crumbles into a pile of gold.

#####################
_._._.⌠.#..'.).#.s..#
._._._..'..#...#.f.P+
_._._...#..###'##.$(#
$$
._._._..#.)##∩∩.@...#
_._._.⌠.#############
######### $$ $


You could see a wandering mushroom (wandering), a burning bush and a scorpion
(asleep).

Vanquished Creatures
  A wandering mushroom (D)
  2 scorpions (D)
  3 oklob saplings (D)
  2 spriggans (D)
  A river rat (D)
  A rat (D)
10 creatures vanquished.

Vanquished Creatures (others)
  2 fungi (D)
2 creatures vanquished.

Grand Total: 12 creatures vanquished

Notes
Turn   | Place    | Note
-------+----------+-------------------------------------------
     0 | D        | styxcanada the Spriggan Brigand began the quest for the
                  | Orb.
     0 | D        | Reached XP level 1. HP: 10/10 MP: 2/2
    22 | D        | Reached skill level 7 in Stealth
    22 | D        | Reached XP level 2. HP: 6/15 MP: 3/3
    24 | D        | Reached skill level 8 in Stealth
   191 | D        | Noticed an oklob sapling
   193 | D        | Killed an oklob sapling
   194 | D        | Reached skill level 9 in Stealth
   194 | D        | Reached XP level 3. HP: 18/18 MP: 4/4
   195 | D        | Noticed a scorpion
   196 | D        | Found the amulet of invisibility {+Inv}
   197 | D        | Killed a scorpion
   198 | D        | Reached skill level 12 in Stealth
   198 | D        | Reached XP level 4. HP: 23/23 MP: 5/5
   216 | D        | Found an opulent altar of Gozag.
   216 | D        | Found a hazy altar of Hepliaklqana.
   216 | D        | Found a burning altar of Makhleb.
   216 | D        | Found a sparkling altar of Nemelex Xobeh.
   216 | D        | Found a sacrificial altar of Ru.
   216 | D        | Found a shimmering blue altar of Sif Muna.
   216 | D        | Found an ornate altar of the Wu Jian Council.
   216 | D        | Found a shimmering altar of Xom.
   216 | D        | Found a basalt altar of Yredelemnul.
   217 | D        | Found a viscous altar of Jiyva.
   217 | D        | Found a snail-covered altar of Cheibriados.
   217 | D        | Found a bloodstained altar of Trog.
   218 | D        | Found an iron altar of Okawaru.
   218 | D        | Found a shadowy altar of Dithmenos.
   218 | D        | Found a glowing silver altar of Zin.
   219 | D        | Found an ancient bone altar of Kikubaaqudgha.
   219 | D        | Found a hide-covered altar of Uskayaw.
   220 | D        | Found a stormy altar of Qazlal.
   220 | D        | Found a white marble altar of Elyvilon.
   220 | D        | Found a glowing golden altar of the Shining One.
   221 | D        | Became a worshipper of Gozag Ym Sagoz the Greedy
   222 | D        | Found a corrupted altar of Lugonu.
   222 | D        | Found a radiant altar of Vehumet.
   226 | D        | Reached skill level 13 in Stealth
   226 | D        | Reached skill level 1 in Evocations
   226 | D        | Reached XP level 5. HP: 28/28 MP: 3/6
   275 | D        | Reached skill level 5 in Dodging
   281 | D        | Reached skill level 14 in Stealth
   282 | D        | Reached skill level 15 in Stealth
   302 | D        | Reached XP level 6. HP: 32/32 MP: 7/7
   334 | D        | Found Siceshas's General Store.
   334 | D        | Found Ixuon's Antique Weapon Emporium.
   340 | D        | Bought a crystal dagger for 196 gold pieces
   340 | D        | Identified the +12 dagger of Cuvax {vamp, Will+ Str+5 Int-4
                  | Dex+6} (You bought it in a shop in the Dungeon)
   343 | D        | Noticed a burning bush
   343 | D        | Noticed a wandering mushroom
   351 | D        | Noticed a wandering mushroom
   356 | D        | Killed a wandering mushroom
   357 | D        | Reached skill level 17 in Stealth
   357 | D        | Reached skill level 5 in Evocations
   357 | D        | HP: 1/33 [burning bush/puff of flame (13)]
   360 | D        | Killed from afar by a burning bush

Illustrated notes

Levels and vault maps discovered:
D:        dungeon_sprint_fedhas [sprint_temple]

Skill      XL: |  1  2  3  4  5  6 |
---------------+-------------------+-----
Dodging        | 2 3 4 5 7 |  7.0
Stealth        | 7 9 12 13 15 17 | 17.0
Fighting       | 2 3 4 |  4.2
Short Blades   | 3 |  3.8
Throwing       | 3 4 |  4.4
Evocations     | 1 3 5 |  5.0

Action                   |  1- 3 |  4- 6 || total
-------------------------+-------+-------++-------
Melee: Dagger            |     5 |    10 ||    15
Throw: Dart              |     8 |     4 ||    12
 Abil: Evoke Invisibilit |       |     3 ||     3
 Stab: Sleeping          |     2 |     3 ||     5
       Invisible         |       |     2 ||     2
Dodge: Dodged            |     3 |     8 ||    11
